Map: Echo LE (Void)

Players

farfadet

  • Race: Zerg Zerg
  • Spawn Location: 5:00

Fropez - Winner!

  • Race: Protoss Protoss
  • League: Gold
  • Spawn Location: 11:00

VOD

Have the link to the VOD?

Description

Time

  • Played on: Jan. 3, 2017, 6:43 p.m.
  • Length: 19:29
Show
View Real Time Build Order
Export as new Build Order

farfadet Zerg 

Build Orders: Hatch First 

Get SALT Encoding   

  12  0:01  Drone  
  13  0:15  Overlord  
  13  0:24  Drone  
  14  0:35  Drone x2  
  16  0:40  Drone  
  17  0:56  Hatchery  
  16  1:01  Drone x2  
  18  1:09  Drone  
  19  1:18  Extractor  
  18  1:21  Spawning Pool  
  18  1:24  Overlord  
  17  1:34  Drone  
  18  1:42  Drone  
  19  1:55  Drone  
  20  2:08  Queen  
  22  2:09  Queen  
  22  2:10  Zergling x4  
  22  2:15  Drone  
  27  2:18  Metabolic Boost  
  27  2:25  Drone x2  
  29  2:33  Drone  
  30  2:41  Drone x2  
  32  2:57  Drone, Hatchery  
  32  2:58  Drone x2  
  34  3:02  Drone  
  35  3:08  Overlord  
  35  3:15  Roach Warren  
  32  3:30  Drone x4  
  32  3:31  Drone x4  
  40  3:35  Extractor  
  40  3:36  Extractor  
  40  3:38  Drone  
  39  3:51  Lair  
  39  3:54  Drone x5  
  44  3:58  Overlord  
  44  4:07  Overlord  
  44  4:08  Pneumatized Carapace  
  44  4:12  Queen  
  44  4:16  Roach x3  
  52  4:25  Drone x6  
  58  4:31  Overlord  
  58  4:44  Overlord  
  58  4:55  Roach x7  
  72  5:07  Roach x3  
  72  5:08  Roach x2  
  72  5:09  Overlord  
  72  5:10  Overlord x2  
  72  5:12  Glial Reconstitution  
  82  5:16  Overseer  
  82  5:31  Roach x7  
  96  5:38  Drone x2  
  98  5:45  Overlord x2  
  98  5:48  Ravager x2  
  98  5:49  Ravager  
  101  5:54  Overlord x3  
  101  5:55  Zergling x2  
  101  5:56  Zergling x8  
  106  6:06  Overseer  
  106  6:07  Overseer  
  106  6:11  Roach  
  106  6:12  Roach x4  
  116  6:20  Zergling x10  
  116  6:21  Zergling x4  
  123  6:37  Roach x7  
  137  6:43  Overlord x2  
  137  6:44  Overlord  
  137  6:50  Evolution Chamber  
  137  6:51  Evolution Chamber  
  137  6:54  Roach x4  
  143  7:04  Roach x5  
  97  7:52  Roach  
  97  7:53  Roach x9  
  90  8:11  Zergling x6  
  90  8:12  Zergling x2  
  86  8:21  Zerg Ground Armor Level 1, Zerg Missile Weapons Level 1  
  86  8:24  Roach x4  
  94  8:27  Extractor  
  94  8:29  Extractor  
  94  8:32  Ravager  
  93  8:38  Drone x5  
  93  8:41  Hatchery  
  81  8:58  Zergling x24  
  89  9:07  Hydralisk Den  
  88  9:16  Zergling x2  
  92  9:17  Zergling x6  
  92  9:21  Zergling x12  
  72  9:46  Zergling x6  
  72  9:47  Zergling x18  
  74  10:05  Queen  
  76  10:09  Muscular Augments  
  73  10:16  Hydralisk  
  73  10:17  Hydralisk x12  
  98  10:29  Hydralisk x2  
  98  10:32  Drone x8  
  98  10:33  Drone x3  
  113  10:41  Hydralisk  
  115  10:50  Zergling x18  
  115  10:52  Extractor  
  115  10:53  Extractor  
  115  10:56  Drone x2  
  124  11:04  Roach x6  
  136  11:06  Zerg Missile Weapons Level 2  
  133  11:35  Hydralisk x9  
  133  11:38  Overlord  
  133  11:39  Overlord x5  
  112  12:02  Zergling x2  
  112  12:03  Zergling x22, Roach  
  111  12:12  Zergling x10  
  114  12:18  Hydralisk x3  
  118  12:32  Zergling x10  
  119  12:41  Zergling x2  
  119  12:42  Zergling x4  
  120  12:45  Queen  
  114  12:57  Zergling x14  
  94  13:03  Hydralisk  
  94  13:04  Hydralisk  
  89  13:09  Roach x2  
  93  13:16  Hydralisk x5  
  103  13:26  Zergling x12  
  109  13:31  Drone  
  110  13:52  Hydralisk x12  
  127  14:14  Hydralisk  
  127  14:15  Hydralisk x6  
  141  14:21  Overseer  
  141  14:23  Overseer x2  
  141  14:24  Overseer x2  
  141  14:28  Hydralisk x2  
  145  14:40  Infestation Pit  
  117  15:06  Roach x15  
  100  16:18  Roach x22  
  134  16:19  Roach  
  144  16:31  Zergling x6  
  123  17:00  Zergling x8  
  123  17:01  Zergling x4  
  94  17:19  Zergling x12  
  79  17:38  Zergling x8  
  62  17:45  Drone x3  
  65  18:15  Hatchery  
  64  18:24  Zergling x2  
  64  18:25  Zergling x6  
  44  19:09  Zergling x10  
  48  19:10  Zergling x2  
Show
View Real Time Build Order
Export as new Build Order

Fropez Protoss - Winner!

Build Orders: 1 Gate Expand 

Get SALT Encoding   

  12  0:00  Probe (Chrono Boost)  
  13  0:11  Probe (Chrono Boost)  
  14  0:23  Pylon  
  14  0:24  Probe (Chrono Boost)  
  15  0:30  Assimilator  
  15  0:41  Probe (Chrono Boost)  
  16  0:49  Gateway  
  16  0:51  Probe (Chrono Boost)  
  17  1:02  Probe (Chrono Boost)  
  18  1:12  Probe (Chrono Boost)  
  19  1:25  Nexus  
  19  1:29  Probe (Chrono Boost)  
  20  1:33  Assimilator  
  20  1:44  Cybernetics Core  
  21  1:47  Probe (Chrono Boost)  
  21  2:08  Pylon  
  21  2:15  Probe (Chrono Boost)  
  22  2:19  Warp Gate  
  22  2:20  Pylon  
  22  2:26  Adept, Mothership Core (Chrono Boost)  
  26  2:36  Pylon  
  25  2:39  Probe (Chrono Boost)  
  26  2:45  Probe (Chrono Boost)  
  26  2:50  Probe (Chrono Boost)  
  28  2:55  Probe (Chrono Boost)  
  29  3:00  Probe (Chrono Boost)  
  30  3:06  Pylon  
  30  3:07  Probe (Chrono Boost), Gateway  
  30  3:11  Probe (Chrono Boost)  
  32  3:17  Adept  
  32  3:19  Probe (Chrono Boost)  
  35  3:29  Gateway  
  35  3:32  Probe x2 (Chrono Boost)  
  37  3:44  Pylon  
  38  3:48  Adept  
  38  3:49  Probe (Chrono Boost)  
  38  3:54  Probe (Chrono Boost), Assimilator  
  38  3:55  Adept  
  41  4:01  Probe (Chrono Boost)  
  44  4:11  Probe (Chrono Boost)  
  44  4:13  Pylon  
  44  4:15  Probe (Chrono Boost)  
  46  4:30  Twilight Council  
  46  4:33  Probe (Chrono Boost)  
  46  4:34  Probe (Chrono Boost)  
  48  4:42  Stalker x2  
  48  4:43  Gateway, Stalker  
  48  4:44  Gateway  
  54  4:54  Resonating Glaives  
  54  4:57  Probe x2 (Chrono Boost)  
  56  5:00  Assimilator  
  56  5:09  Probe x2 (Chrono Boost)  
  59  5:21  Probe (Chrono Boost)  
  59  5:26  Pylon  
  59  5:32  Robotics Facility  
  60  5:37  Adept x2, Probe x2 (Chrono Boost)  
  60  5:38  Adept  
  67  5:49  Probe x2 (Chrono Boost)  
  69  5:50  Forge  
  69  5:56  Forge  
  69  6:01  Probe x2 (Chrono Boost)  
  71  6:11  Robotics Facility  
  71  6:13  Probe (Chrono Boost)  
  71  6:14  Probe (Chrono Boost)  
  73  6:21  Pylon  
  75  6:25  Probe (Chrono Boost)  
  75  6:26  Probe (Chrono Boost)  
  75  6:31  Immortal  
  74  6:38  Probe (Chrono Boost), Stalker  
  74  6:39  Stalker x4  
  89  6:46  Probe (Chrono Boost)  
  90  6:50  Probe (Chrono Boost)  
  91  6:55  Pylon  
  91  6:58  Pylon  
  93  7:02  Probe x2 (Chrono Boost)  
  93  7:05  Nexus  
  92  7:22  Immortal  
  92  7:23  Stalker  
  92  7:26  Immortal  
  90  7:34  Stalker x2  
  90  7:35  Stalker  
  81  7:45  Zealot  
  81  7:46  Zealot  
  72  7:58  Zealot  
  72  7:59  Zealot x2  
  72  8:04  Probe x2 (Chrono Boost)  
  61  8:16  Probe x2 (Chrono Boost)  
  63  8:26  Nexus  
  63  8:27  Pylon  
  63  8:30  Pylon  
  63  8:33  Pylon  
  63  8:34  Protoss Ground Weapons Level 1, Protoss Ground Armor Level 1  
  63  8:35  Pylon, Zealot x5  
  63  8:40  Immortal  
  77  8:44  Probe (Chrono Boost)  
  77  8:45  Probe (Chrono Boost)  
  67  9:03  Charge  
  67  9:20  Photon Cannon  
  67  9:21  Zealot  
  67  9:22  Zealot x3  
  67  9:23  Warp Prism  
  78  9:24  Observer  
  78  9:28  Probe (Chrono Boost)  
  79  9:33  Zealot  
  72  9:47  Zealot x2  
  72  9:48  Zealot  
  76  9:56  Probe (Chrono Boost)  
  76  9:57  Probe x2 (Chrono Boost)  
  79  10:14  Pylon  
  79  10:15  Protoss Shields Level 1, Photon Cannon  
  79  10:16  Adept x2  
  79  10:17  Protoss Ground Weapons Level 2  
  83  10:21  Assimilator  
  83  10:24  Assimilator  
  83  10:29  Templar Archives  
  83  10:47  Adept x4  
  92  10:57  Probe (Chrono Boost), Photon Cannon  
  92  11:14  Pylon  
  92  11:22  Adept x5  
  92  11:23  Probe (Chrono Boost)  
  92  11:25  Probe x2 (Chrono Boost)  
  105  11:33  Gateway  
  105  11:38  Photon Cannon  
  105  11:46  Pylon  
  105  11:50  Gateway  
  105  11:52  Zealot x2  
  105  11:53  Zealot  
  104  12:01  Adept  
  104  12:02  Adept  
  96  12:28  High Templar x4  
  104  12:31  Immortal  
  102  12:52  Zealot x4  
  93  13:02  Probe (Chrono Boost)  
  93  13:03  Probe x2 (Chrono Boost)  
  96  13:13  Photon Cannon  
  96  13:19  Nexus  
  96  13:26  Pylon  
  96  13:32  High Templar  
  96  13:33  High Templar x4  
  106  13:39  Gateway  
  106  13:42  Protoss Ground Weapons Level 3, Gateway  
  106  13:46  Pylon  
  106  13:50  Archon  
  106  13:51  Archon  
  106  13:56  Gateway  
  106  13:58  Photon Cannon  
  106  14:13  Probe x2 (Chrono Boost)  
  106  14:14  Gateway  
  106  14:16  Photon Cannon  
  108  14:22  High Templar x2, Gateway  
  112  14:31  Probe x3 (Chrono Boost)  
  116  14:32  Probe (Chrono Boost)  
  116  14:42  High Templar x3  
  116  14:43  Probe (Chrono Boost)  
  123  14:52  Zealot  
  123  14:57  High Templar x3  
  109  15:10  Archon  
  109  15:13  Probe (Chrono Boost)  
  112  15:15  Probe x2 (Chrono Boost)  
  112  15:16  Archon  
  112  15:18  Assimilator  
  112  15:21  High Templar x5  
  118  15:22  Assimilator  
  122  15:36  Photon Cannon  
  122  15:38  Photon Cannon  
  122  15:41  Pylon, Probe (Chrono Boost)  
  122  15:42  Probe x2 (Chrono Boost)  
  127  15:43  Mothership Core (Chrono Boost)  
  127  15:45  Pylon  
  127  15:47  High Templar  
  129  15:53  Archon  
  129  15:54  Archon x2  
  129  15:56  Zealot  
  129  15:57  Zealot x5  
  137  16:10  High Templar x2  
  122  16:16  Zealot  
  102  16:26  Zealot  
  102  16:27  Zealot x5  
  102  16:38  Zealot  
  86  16:49  Zealot x3  
  70  17:18  Zealot x3  
  70  17:19  Zealot  
  63  17:39  High Templar x2  
  63  17:49  Probe (Chrono Boost)  
  64  17:57  Probe (Chrono Boost)  
  64  17:58  Probe (Chrono Boost)  
  67  17:59  Probe (Chrono Boost)  
  67  18:07  Pylon, Probe (Chrono Boost)  
  67  18:10  Pylon  
  68  18:15  High Templar  
  68  18:16  Zealot  
  68  18:17  Zealot x4  
  80  18:36  Zealot x3  
  77  18:50  Zealot x2  
  77  18:52  High Templar  
  77  18:54  High Templar  
  85  18:58  Archon  
  85  19:02  High Templar  
  79  19:20  Zealot x2  
Tags
 
Add a new tag
Caveats
  • Supply blocks, unpowered buildings, or Contaminate may cause inaccurate times.
  • Supply counts are checked every 10 seconds.